 Dungeon Crawl Stone Soup version 0.17.0-73-gb648821 (webtiles) character file.

82 ventricule the Poker (level 4, -2/33 HPs)
             Began as a Merfolk Skald on Dec 10, 2015.
             Succumbed to kobold's curare-tipped needle
             ... on level 3 of the Dungeon.
             The game lasted 00:04:15 (1756 turns).

ventricule the Poker (Merfolk Skald)                Turns: 1756, Time: 00:04:15

Health: -2/33      AC:  4    Str: 12    XL:     4   Next: 43%
Magic:  16/16      EV: 16    Int: 11    God:
Gold:   121        SH:  6    Dex: 19    Spells: 3 memorised, 2 levels left

rFire  . . .     SeeInvis .     i - +6 club
rCold  + . .     Clarity  .     b - +0 leather armour
rNeg   . . .     SustAt   .     s - +2 buckler {rC+}
rPois  .         Gourm    .     (no helmet)
rElec  .         Spirit   .     (no cloak)
rCorr  .         Warding  .     m - +0 pair of gloves
rMut   .         Stasis   .     (no boots)
MR     .....                    (no amulet)
Stlth  +++.......               p - ring of magical power
                                e - ring of stealth

@: agile, lethally poisoned (-2 -> -24), flying, slowed, very slow, not
resistant to hostile enchantments, fairly stealthy
A: change form in water, swift swim
a: no special abilities


You were on level 3 of the Dungeon.
You were not hungry.

You visited 1 branch of the dungeon, and saw 3 of its levels.

You collected 121 gold pieces.


   Skills:
 - Level 2.1 Fighting
 + Level 5.1 Polearms
 - Level 0.6 Armour
 - Level 1.3 Dodging
 + Level 0.2 Shields
 - Level 2.0 Spellcasting
 - Level 4.5 Charms


You had 2 spell levels left.
You knew the following spells:

 Your Spells              Type           Power        Failure   Level  Hunger
a - Shroud of Golubria    Chrm/Tloc      #.........   38%         2    ###....
x - Song of Slaying       Chrm           ##......     14%         2    ###....
z - Infusion              Chrm           ##....       12%         1    ##.....

Inventory:

Hand Weapons
 a - a +0 spear
 i - a +6 club (weapon)
 k - a +0 arbalest
Armour
 b - a +0 leather armour (worn)
 m - a +0 pair of gloves (worn)
 s - a +2 buckler of cold resistance (worn)
Jewellery
 e - a ring of stealth (left hand)
 o - an uncursed amulet of stasis
 p - a ring of magical power (right hand)
Scrolls
 g - a scroll of remove curse {unknown}
 h - a scroll of teleportation {unknown}
 l - a scroll of enchant weapon {unknown}
 r - a scroll of fog {unknown}
 t - a scroll of immolation {unknown}
Books
 c - a book of Battle

   Spells                             Type                      Level
   a - Infusion                       Charms                       1
   b - Shroud of Golubria             Charms/Translocation         2
   c - Song of Slaying                Charms                       2
   d - Spectral Weapon                Hexes/Charms                 3
   e - Regeneration                   Charms/Necromancy            3
Comestibles
 d - 2 bread rations

Dungeon Overview and Level Annotations

Branches:
Dungeon (3/15)

Altars:

. ▒.▒ ▒.▒ . ▒.▒▒▒▒.▒▒▒
▒. ▒........▒
▒.▒▒▒▒▒..▒▒▒.▒.▒
▒........▒ ▒.▒.▒
......▒▒.▒▒..▒.▒ .
.............▒(▒▒▒▒▒▒...
......▒▒....▒(.(.K)o....
....†..▒........mg.o....
.....†......▒▒..oo.K....
>.....▒..▒.▒▒▒.▒▒▒▒▒▒...
......▒.▒.(▒▒.▒▒ ..
▒▒▒▒▒........▒
▒▒▒▒▒▒▒.▒▒▒▒▒▒ ...▒ ▒.▒
▒▒.▒ ▒.▒ ▒▒.▒▒▒▒.▒


You could see an orc priest, 3 orcs, a goblin and 2 kobolds.


Message History

The curare-tipped needle closely misses you.
The kobold shoots a curare-tipped needle.
The curare-tipped needle hits you.
You are lethally poisoned!
You have difficulty breathing.
* * * LOW HITPOINT WARNING * * *
You feel as though you will be slow longer.
A kobold and 2 orcs come into view.
Drink which item? (? for menu, Esc to quit)
It was a potion of cure mutation.
It has a very clean taste.
* * * LOW HITPOINT WARNING * * *
You feel very sick.
The orc priest miscasts a cantrip.
The goblin misses you.
Drink which item? (? for menu, Esc to quit)
It was a potion of flight.
You feel very buoyant.
You fly up into the air.
* * * LOW HITPOINT WARNING * * *
You feel very sick. The goblin closely misses you.
Drink which item? (? for menu, Esc to quit)
It was a potion of agility.
You feel agile all of a sudden.
* * * LOW HITPOINT WARNING * * *
You feel very sick. The goblin barely misses you.
The goblin completely misses you.
You sock the orc priest!
The orc priest is heavily wounded.
You die...

Action                   |  1- 3 |  4- 6 || total
-------------------------+-------+-------++-------
Melee: Spear             |    84 |       ||    84
       Club              |    15 |    48 ||    63
 Cast: Infusion          |     5 |       ||     5
  Use: Potion            |     1 |     3 ||     4
       Scroll            |       |     1 ||     1
 Stab: Sleeping          |     2 |       ||     2
  Eat: Chunk             |     1 |     2 ||     3

Vault maps used:
D:1:      lemuel_arrival_tunnels
D:2:      uniq_iyjb

Notes
Turn   | Place    | Note
--------------------------------------------------------------
     0 | D:1      | ventricule the Merfolk Skald began the quest for the Orb.
     0 | D:1      | Reached XP level 1. HP: 16/16 MP: 3/3
   284 | D:1      | Reached XP level 2. HP: 22/22 MP: 5/5
   648 | D:2      | Noticed Ijyb
   653 | D:2      | Learned a level 2 spell: Song of Slaying
   816 | D:2      | Killed Ijyb
   816 | D:2      | Reached skill level 4 in Polearms
   816 | D:2      | Reached skill level 4 in Charms
   816 | D:2      | Reached XP level 3. HP: 15/27 MP: 6/6
  1147 | D:2      | Reached XP level 4. HP: 31/33 MP: 7/7
  1654 | D:3      | Reached skill level 5 in Polearms
  1703 | D:3      | Learned a level 2 spell: Shroud of Golubria
  1755 | D:3      | HP: 2/33 [poisoned by kobold (curare-tipped needle)]
  1756 | D:3      | Succumbed to kobold's curare-tipped needle

Vanquished Creatures
  Ijyb (D:2)
  An adder (D:2)
  A worm (D:2)
  3 giant geckos (D:2)
  2 hobgoblins (D:1)
  6 jackals
  3 kobolds
  7 bats
  4 giant newts
  5 goblins
  6 rats
39 creatures vanquished.
